 Dungeon Sprint DCSS version 0.23-a0-690-g0a1fc62 (webtiles) character file.

219 galech the Skirmisher (level 5, -1/70 HPs)
             Began as a Demonspawn Fighter on Jan 11, 2019.
             Was an Initiate of Okawaru.
             Slain by a troll (10 damage)
             ... in the Dungeon (Sprint IX: "|||||||||||||||||||||||||||||").
             The game lasted 00:00:57 (261 turns).

galech the Skirmisher (Demonspawn Fighter)           Turns: 261, Time: 00:00:59

Health: -1/70      AC:  9    Str: 21    XL:     5   Next: 63%
Magic:  5/5        EV:  9    Int:  9    God:    Okawaru [......]
Gold:   0          SH: 10    Dex: 14    Spells: 4/4 levels left

rFire    . . .     SeeInvis .   a - +0 war axe
rCold    + . .     Gourm    .   c - +0 shield
rNeg     . . .     Faith    .   s - +2 ring mail
rPois    .         Spirit   .   (helmet restricted)
rElec    .         Reflect  .   (no cloak)
rCorr    .         Harm     .   q - +0 pair of gloves
MR       .....     NoTele   +   (no boots)
Stlth    ..........             (no amulet)
HPRegen  0.21/turn              (no ring)
MPRegen  0.09/turn              (no ring)

@: berserking (expiring), very quick
A: horns 1, cold resistance 1, freezing cloud immunity
a: Renounce Religion


You were in the Dungeon.
You worshipped Okawaru.
Okawaru was noncommittal.
You were not hungry.

You visited 1 branch

Inventory:

Hand Weapons
 a - a +0 war axe (weapon)
 p - a +3 war axe of chopping
Armour
 c - a +0 shield (worn)
 q - a +0 pair of gloves (worn)
 s - a +2 ring mail (worn)
Jewellery
 t - a +3 ring of strength
 u - a +3 ring of dexterity
Wands
 o - a wand of acid (10)
Scrolls
 k - 2 scrolls of blinking
 m - 3 scrolls of remove curse
 n - 2 scrolls of amnesia
Potions
 d - a potion of invisibility
 e - 5 potions of curing
 g - 3 potions of heal wounds
 h - a potion of haste
 i - 4 potions of magic
Comestibles
 f - a ration


   Skills:
 + Level 6.7 Fighting
 + Level 5.2 Axes
 + Level 5.5 Armour
 + Level 1.5 Dodging
 + Level 6.3 Shields


You had 4 spell levels left.
You didn't know any spells.
Your spell library was empty.

Dungeon Overview and Level Annotations

Branches:
Dungeon (1/1)

Altars:
Cheibriados
Dithmenos
Elyvilon
Fedhas
Gozag
Hepliaklqana
Kikubaaqudgha
Makhleb
Nemelex Xobeh
Okawaru
Qazlal
Ru
Sif Muna
Trog
Uskayaw
Vehumet
Wu Jian
Xom
Yredelemnul
Zin
The Shining One
Beogh
Jiyva
Lugonu


Innate Abilities, Weirdness & Mutations

You have a pair of small horns on your head.
Your flesh is cold resistant. (rC+)
You are immune to freezing clouds.


Message History

The troll bites you but does no damage. You block the troll's attack.
The troll barely misses you.
You slash the troll!
The troll is heavily wounded.
You block the troll's attack. The troll claws you! x2
You closely miss the troll.
The troll is moderately wounded.
The troll completely misses you. The troll claws you!
* * * LOW HITPOINT WARNING * * *
The troll claws you but does no damage.
You hit the troll.
The troll is heavily wounded.
You block the troll's attack. The troll closely misses you.
You block the troll's attack.
You closely miss the troll.
The troll is heavily wounded.
The troll bites you!
* * * LOW HITPOINT WARNING * * *
The troll claws you!
You die... ▓▓▓▓▓▓▓▓▓▓▓▓▓▓▓▓▓▓▓▓▓▓▓▓ .WrSOYT@....)|..'_______ ▓▓▓▓▓▓▓▓▓▓▓▓▓▓▓▓▓▓▓▓▓▓▓▓

You could see a two-headed ogre, a yak, a troll, a wraith, an adder and a quokka.

Vanquished Creatures
  An ogre (D)
  2 scorpions (D)
  An orc priest (D)
  A bat skeleton (D)
  3 hobgoblins (D)
  A bat (D)
  A rat (D)
10 creatures vanquished.

Notes
Turn   | Place    | Note
-------+----------+-------------------------------------------
     0 | D        | galech the Demonspawn Fighter began the quest for the Orb.
     0 | D        | Reached XP level 1. HP: 18/18 MP: 1/1
    30 | D        | Noticed a scorpion
    30 | D        | Noticed a scorpion
    30 | D        | Noticed an orc priest
    30 | D        | Noticed an ogre
    33 | D        | Killed an ogre
    33 | D        | Reached skill level 5 in Fighting
    33 | D        | Reached skill level 1 in Dodging
    33 | D        | Gained mutation: Your flesh is cold resistant. (rC+)
                  | [demonic ancestry]
    33 | D        | Reached XP level 2. HP: 9/27 MP: 2/2
    33 | D        | Gained mutation: You are immune to freezing clouds.
                  | [demonic ancestry]
    33 | D        | Reached XP level 3. HP: 11/33 MP: 3/3
    33 | D        | Reached XP level 4. HP: 14/39 MP: 4/4
    36 | D        | Reached skill level 5 in Shields
    41 | D        | Reached skill level 5 in Armour
    41 | D        | Gained mutation: You have a pair of small horns on your
                  | head. [demonic ancestry]
    41 | D        | Reached XP level 5. HP: 16/46 MP: 5/5
    47 | D        | Reached skill level 5 in Axes
    58 | D        | Found a roughly hewn altar of Beogh.
    58 | D        | Found a snail-covered altar of Cheibriados.
    58 | D        | Found a shadowy altar of Dithmenos.
    58 | D        | Found a white marble altar of Elyvilon.
    58 | D        | Found a blossoming altar of Fedhas.
    58 | D        | Found an opulent altar of Gozag.
    59 | D        | Found a hazy altar of Hepliaklqana.
    60 | D        | Found a viscous altar of Jiyva.
    61 | D        | Found an ancient bone altar of Kikubaaqudgha.
    62 | D        | Found a corrupted altar of Lugonu.
    63 | D        | Found a burning altar of Makhleb.
    64 | D        | Found a sparkling altar of Nemelex Xobeh.
    65 | D        | Found an iron altar of Okawaru.
    66 | D        | Found a stormy altar of Qazlal.
    67 | D        | Found a sacrificial altar of Ru.
    68 | D        | Found a deep blue altar of Sif Muna.
    69 | D        | Found a bloodstained altar of Trog.
    70 | D        | Found a hide-covered altar of Uskayaw.
    71 | D        | Found a radiant altar of Vehumet.
    72 | D        | Found an ornate altar of the Wu Jian Council.
    73 | D        | Became a worshipper of Warmaster Okawaru
    74 | D        | Found a shimmering altar of Xom.
    75 | D        | Found a basalt altar of Yredelemnul.
    76 | D        | Found a glowing silver altar of Zin.
    77 | D        | Found a glowing golden altar of the Shining One.
    86 | D        | Found the +10 zealot's sword {holy, *Rage rN+ EV+3}
   251 | D        | Noticed a wraith
   251 | D        | Noticed a two-headed ogre
   251 | D        | Noticed a yak
   251 | D        | Noticed a troll
   261 | D        | Slain by a troll

Vault maps used:
D:        linesprint

Skill      XL: |  1  2  3  4  5 |
---------------+----------------+-----
Armour         | 4 5 |  5.5
Shields        | 4 5 6 |  6.3
Axes           | 3 4 5 |  5.2
Fighting       | 5 6 |  6.7
Dodging        | 1 |  1.5

Action                   |  1- 3 |  4- 6 || total
-------------------------+-------+-------++-------
Melee: War axe           |    19 |    23 ||    42
       Headbutt          |       |     2 ||     2
  Use: Potion            |     1 |     1 ||     2
Armor: Scale mail        |     5 |     2 ||     7
       Ring mail         |       |     5 ||     5
Dodge: Dodged            |     4 |     9 ||    13
Block: Shield            |    15 |    18 ||    33

Table legend:
 A = Non-vault XP
 B = Vault XP
 C = Vault XP percentage of total XP
 D = Non-vault monster count
 E = Vault monster count
 F = Vault count percentage of total count
                 A         B        C        D         E       F
            +---------+---------+-------+---------+---------+-------
      Total |       0 |     313 | 100.0 |       0 |      10 | 100.0
            +---------+---------+-------+---------+---------+-------
          D |       0 |     313 | 100.0 |       0 |      10 | 100.0
            +---------+---------+-------+---------+---------+-------
